 Dungeon Crawl Stone Soup version 0.17-a0-1900-g45e8110 (webtiles) character file.

531 derrpe the Ogre Mage (level 7, -4/65 HPs)
             Began as an Ogre Wizard on Sept 24, 2015.
             Killed by nerve-wracking pain
             ... invoked by an orc priest
              (9 damage)
             ... on level 4 of the Dungeon.
             The game lasted 00:08:02 (4214 turns).

derrpe the Ogre Mage (Ogre Wizard)                  Turns: 4214, Time: 00:08:02

Health: -4/65      AC:  4    Str: 13    XL:     7   Next: 24%
Magic:  6/14       EV:  9    Int: 19    God:
Gold:   134        SH:  0    Dex:  8    Spells: 4 memorised, 8 levels left

rFire  . . .     SeeInvis .     f - +2 dagger (venom)
rCold  . . .     Clarity  .     a - +0 robe
rNeg   . . .     SustAt   .     (no shield)
rPois  .         Gourm    .     b - +1 hat
rElec  .         Spirit   .     (no cloak)
rCorr  .         Warding  .     (gloves unavailable)
rMut   .         Stasis   .     (boots unavailable)
MR     .....                    (no amulet)
Stlth  +.........               (no ring)
                                (no ring)

@: repel missiles, not resistant to hostile enchantments, very unstealthy
A: unfitting armour, tough skin 1
a: no special abilities


You were on level 4 of the Dungeon.
You were not hungry.

You visited 1 branch of the dungeon, and saw 4 of its levels.

You collected 134 gold pieces.

Inventory:

Hand weapons
 f - a +2 dagger of venom (weapon)
 i - a +0 club
Armour
 a - a +0 robe (worn)
 b - a +1 hat (worn)
Scrolls
 g - a scroll of enchant armour
 m - a scroll of teleportation {unknown}
 n - a scroll of remove curse
 o - a scroll of magic mapping {unknown}
 p - 3 scrolls of identify {unknown}
 s - a scroll of enchant weapon {unknown}
 u - a scroll of recharging {unknown}
Potions
 e - a potion of flight {unknown}
 h - a potion of degeneration {unknown}
 k - 2 potions of might {unknown}
 q - a potion of curing {unknown}
 r - a potion of haste {unknown}
Books
 c - a book of Minor Magic

   Spells                             Type                      Level
   a - Magic Dart                     Conjuration                  1
   b - Blink                          Translocation                2
   c - Call Imp                       Summoning                    2
   d - Repel Missiles                 Charms/Air                   2
   e - Slow                           Hexes                        2
   f - Conjure Flame                  Conjuration/Fire             3
   g - Mephitic Cloud                 Conjuration/Poison/Air       3
Comestibles
 d - 4 bread rations {@e1}
 j - 3 meat rations {@e2}
 l - 3 fruits
 t - 8 chunks of flesh {@w0}


   Skills:
 + Level 2.2 Fighting
 - Level 1.7 Dodging
 - Level 1.5 Stealth
 + Level 5.1 Spellcasting
 * Level 3.2 Conjurations
   Level 0.6 Summonings
 - Level 0.6 Translocations
 + Level 2.2 Air Magic
 - Level 2.0 Poison Magic


You had 8 spell levels left.
You knew the following spells:

 Your Spells              Type           Power        Failure   Level  Hunger
a - Magic Dart            Conj           ###.         3%          1    None
b - Blink                 Tloc           N/A          17%         2    #......
c - Repel Missiles        Chrm/Air       #.....       14%         2    #......
d - Mephitic Cloud        Conj/Pois/Air  ##......     14%         3    ##.....


Dungeon Overview and Level Annotations

Branches:
Dungeon (4/15)
 Temple: D:4-7

Altars:
Okawaru
Yredelemnul
The Shining One


Innate Abilities, Weirdness & Mutations

You are too large for most types of armour.
You have tough skin (AC +1).


Message History

You closely miss the orc priest.
The orc priest is severely wounded.
The orc priest hits you but does no damage.
You closely miss the orc priest.
The orc priest is severely wounded.
The orc priest hits you with a short sword.
* * * LOW HITPOINT WARNING * * *
You barely miss the orc priest.
The orc priest is almost dead.
The orc priest hits you but does no damage.
Casting: Mephitic Cloud
Confirm with . or Enter, or press ? or * to list all spells.
Aiming: Magic Dart
Press: ? - help, Shift-Dir - straight line, f - orc priest
Aim: an orc priest, wielding a short sword and wearing a leather armour (almost dead, poisoned)
The magic dart hits the orc priest.
The orc priest is almost dead.
The orc priest invokes the aid of Beogh against you.
Pain shoots through your body!
You die...

.).## ...... #..##
#...# #..#####..#
##).#...))# ##.).###.##
##.### #..## ###..#
#...## #. ...##.o.##
##....## #.# #.......##
##@.....###.#
##.#####.###o.........#
# #..#..##.......# #.
##...##........# ##.#
##.............## ..
...###..##...........#
...
...#..#####.........##
... #...## ##.........#
..## ###..##
##.......##


You could see an orc priest.

Vanquished Creatures
  Sigmund (D:3)
  A scorpion (D:4)
  An orc priest (D:4)
  A hound (D:4)
  Ijyb (D:3)
  3 orc wizards (D:4)
  9 adders
  2 worms (D:2)
  4 giant geckos
  8 orcs (D:4)
  10 hobgoblins
  2 quokkas (D:2)
  8 bats
  4 giant cockroaches
  7 giant newts
  9 goblins
  3 jackals (D:4)
  6 kobolds
  4 rats
84 creatures vanquished.

Notes
Turn   | Place    | Note
--------------------------------------------------------------
     0 | D:1      | derrpe the Ogre Wizard began the quest for the Orb.
     0 | D:1      | Reached XP level 1. HP: 16/16 MP: 5/5
   242 | D:1      | Reached skill level 1 in Fighting
   242 | D:1      | Reached skill level 4 in Spellcasting
   242 | D:1      | Reached XP level 2. HP: 25/27 MP: 2/7
   593 | D:2      | Reached XP level 3. HP: 33/33 MP: 0/9
   689 | D:2      | Learned a level 2 spell: Blink
   692 | D:2      | Learned a level 2 spell: Repel Missiles
   850 | D:2      | Learned a level 3 spell: Mephitic Cloud
  1009 | D:2      | Reached skill level 1 in Conjurations
  1084 | D:2      | Reached XP level 4. HP: 34/42 MP: 4/10
  1142 | D:2      | Found a basalt altar of Yredelemnul.
  1892 | D:2      | Found a glowing golden altar of the Shining One.
  2469 | D:3      | Noticed Ijyb
  2480 | D:3      | Killed Ijyb
  2480 | D:3      | Reached skill level 1 in Poison Magic
  2508 | D:3      | Noticed Sigmund
  2591 | D:3      | Killed Sigmund
  2591 | D:3      | Reached skill level 1 in Air Magic
  2591 | D:3      | Reached XP level 5. HP: 28/49 MP: 7/11
  2591 | D:3      | Reached XP level 6. HP: 32/57 MP: 7/12
  2954 | D:3      | Found a faded altar to an unknown god.
  3891 | D:4      | Found an iron altar of Okawaru.
  4094 | D:4      | Reached skill level 5 in Spellcasting
  4094 | D:4      | Reached XP level 7. HP: 57/65 MP: 14/14
  4214 | D:4      | Killed from afar by an orc priest

Vault maps used:
D:1:      minmay_arrival_four_houses
D:2:      lemuel_doored_altar, nicolae_overflow_hidden_temple, first_bread,
          minmay_newt_pond
D:3:      ecumenical_altar_2, uniq_sigmund, uniq_iyjb
D:4:      okawaru_metal_pillars_1_2, serial_bayou_pond_a,
          makhleb_heckhound_becter

Action                   |  1- 3 |  4- 6 |  7- 9 || total
-------------------------+-------+-------+-------++-------
Melee: Dagger            |    17 |    79 |    28 ||   124
 Cast: Magic Dart        |    66 |   107 |    16 ||   189
       Mephitic Cloud    |       |     6 |     1 ||     7
       Repel Missiles    |       |     1 |       ||     1
  Use: Scroll            |       |     2 |       ||     2
 Stab: Confused          |       |     1 |       ||     1
  Eat: Chunk             |       |    10 |     1 ||    11
